 Dungeon Crawl Stone Soup version 0.18.1-8-gdd0e5ea (webtiles) character file.

104 Hipnos the Digger (level 4, -1/24 HPs)
             Began as a Gargoyle Earth Elementalist on May 30, 2016.
             Slain by a gnoll
             ... wielding a +2 flail of draining
              (5 damage)
             ... on level 2 of the Dungeon.
             The game lasted 00:09:29 (2137 turns).

Hipnos the Digger (Gargoyle Earth Elementalist)     Turns: 2137, Time: 00:09:30

Health: -1/24      AC: 10    Str: 16    XL:     4   Next: 80%
Magic:  4/7        EV: 11    Int: 17    God:
Gold:   105        SH:  5    Dex: 10    Spells: 3 memorised, 2 levels left

rFire  . . .     SeeInvis .     u - staff of cold
rCold  + . .     Gourm    .     a - +0 robe
rNeg   + . .     Faith    .     k - +2 buckler
rPois  ∞         Spirit   .     (no helmet)
rElec  +         Dismiss  .     p - +0 cloak
rCorr  .         Reflect  .     (no gloves)
SustAt .         Harm     .     (no boots)
MR     +....                    (no amulet)
Stlth  ++........               (no ring)
                                (no ring)

@: mighty, somewhat resistant to hostile enchantments, unstealthy
A: iridescent scales 1, magic resistance 1, negative energy resistance 1, sense
surroundings 1, electricity resistance, unbreathing, petrification resistance,
rot immunity, AC +3
a: no special abilities


You were on level 2 of the Dungeon.
You were not hungry.

You visited 1 branch of the dungeon, and saw 3 of its levels.

You collected 105 gold pieces.

Inventory:

Hand Weapons
 q - a +1 whip
Missiles
 f - 58 stones (quivered)
Armour
 a - a +0 robe (worn)
 k - a +2 buckler (worn)
 p - a +0 cloak (worn)
Magical Staves
 u - an uncursed staff of cold (weapon)
Scrolls
 h - 2 scrolls of identify {unknown}
 t - a scroll of enchant armour {unknown}
Potions
 e - 2 potions of mutation
 g - a potion of heal wounds {unknown}
 j - 2 potions of degeneration {unknown}
 l - a potion of agility {unknown}
 m - 4 potions of curing {unknown}
 n - 2 potions of lignification {unknown}
 s - a potion of invisibility {unknown}
Books
 c - a book of Geomancy

   Spells                             Type                      Level
   a - Sandblast                      Earth                        1
   b - Passwall                       Transmutation/Earth          2
   c - Stone Arrow                    Conjuration/Earth            3
   d - Petrify                        Transmutation/Earth          4
   e - Lee's Rapid Deconstruction     Earth                        5
Comestibles
 b - 10 chunks of flesh
 d - 2 bread rations
 i - a beef jerky
 r - a slice of pizza


   Skills:
 + Level 0.2 Fighting
 + Level 1.9 Dodging
 - Level 2.1 Stealth
 * Level 1.5 Shields
 + Level 2.5 Spellcasting
 + Level 0.7 Transmutations
 * Level 5.3 Earth Magic


You had 2 spell levels left.
You knew the following spells:

 Your Spells              Type           Power        Failure   Level  Hunger
a - Sandblast             Erth           ###...       3%          1    #......
b - Passwall              Trmt/Erth      ##........   12%         2    ##.....
c - Stone Arrow           Conj/Erth      ##....       28%         3    ###....


Dungeon Overview and Level Annotations

Branches:
Dungeon (3/15)

Altars:
Dithmenos

Annotations:
D:3 Terence


Innate Abilities, Weirdness & Mutations

You are resistant to torment.
Your stone body is resilient (AC +3).
You are immune to poison.
You resist negative energy.
You are resistant to electric shocks.
You can survive without breathing.
You are immune to petrification.
You are immune to rotting.
You are partially covered in iridescent scales (AC +4).
You are resistant to hostile enchantments.
You passively map a small area around you.


Message History

Terence the Incautious comes into view.
He is wielding a trident.
You block the gnoll's attack.
The gnoll hits you with a flail of draining.
Terence moves out of view.
You climb upwards.
There is a stone staircase leading down here.
Casting: Sandblast
Confirm with . or Enter, or press ? or * to list all spells.
Aiming: Sandblast
Press: ? - help, Shift-Dir - straight line, f - gnoll
Aim: a gnoll, wielding a flail of draining (heavily wounded)
The blast of sand misses the gnoll.
The gnoll hits you with a flail of draining.
* * * LOW HITPOINT WARNING * * *
Drink which item? (? for menu, Esc to quit)
You feel very mighty all of a sudden.
You closely miss the gnoll.
The gnoll is heavily wounded.
The gnoll hits you with a flail of draining.
You die...

.##.# #)#.#...# ##########.#
....######.#.###.# #.#
.)......##.#.# #.# #.#
##..###.##.#.###.# #.#
##..###.##.#.....##############.#
##..##.#....#.).................#
##..#.##......##.##############.#
##..##.#..)[........# #.#
....#....[.)....@##.####### #.#
.#.###.##....##.g##.......## #.#
.#.###.#####.##............## #.#
.#.##...####.###.##.......#.###.#
................................#
#####...#.##.#.#.##.......#.###.#
##.##.##.#.#...........## #..
#.##.##.#.####.......## ###
#.#...#.#.# ####.#### #


You could see a gnoll.

Vanquished Creatures
  Jessica (D:2)
  2 adders (D:2)
  A worm (D:2)
  A dart slug (D:2)
  2 orcs (D:3)
  3 ball pythons (D:1)
  7 bats
  2 giant cockroaches
  4 goblins
  5 hobgoblins
  4 jackals (D:1)
  A quokka (D:2)
  6 giant newts
  10 kobolds
  4 rats
53 creatures vanquished.

Notes
Turn   | Place    | Note
--------------------------------------------------------------
     0 | D:1      | Hipnos the Gargoyle Earth Elementalist began the quest for the Orb.
     0 | D:1      | Reached XP level 1. HP: 10/10 MP: 3/3
   112 | D:1      | Reached skill level 4 in Earth Magic
   123 | D:1      | Reached XP level 2. HP: 13/15 MP: 0/5
   406 | D:1      | Gained mutation: You are partially covered in iridescent scales (AC +4). [potion of mutation]
   406 | D:1      | Gained mutation: You are resistant to hostile enchantments. [potion of mutation]
   406 | D:1      | Gained mutation: You passively map a small area around you. [potion of mutation]
   936 | D:2      | Reached XP level 3. HP: 19/19 MP: 3/6
  1348 | D:2      | Reached skill level 1 in Shields
  1361 | D:2      | Learned a level 2 spell: Passwall
  1365 | D:2      | Learned a level 3 spell: Stone Arrow
  1620 | D:2      | Reached XP level 4. HP: 21/24 MP: 1/7
  1737 | D:2      | Found a shadowy altar of Dithmenos.
  1814 | D:3      | Reached skill level 5 in Earth Magic
  2060 | D:3      | Noticed Jessica
  2086 | D:2      | Killed Jessica
  2133 | D:3      | Noticed Terence
  2137 | D:2      | Slain by a gnoll

Skill      XL: |  1  2  3  4 |
---------------+-------------+-----
Earth Magic    | 4 5 |  5.3
Shields        | 1 |  1.5
Fighting       | |  0.2
Dodging        | |  1.9
Stealth        | |  2.1
Spellcasting   | |  2.5
Transmutations | |  0.7

Action                   |  1- 3 |  4- 6 || total
-------------------------+-------+-------++-------
Melee: Unarmed           |    16 |       ||    16
       Whip              |    12 |    23 ||    35
       Staff             |       |     1 ||     1
 Cast: Sandblast         |    66 |    28 ||    94
  Use: Potion            |     1 |     1 ||     2
       Scroll            |     2 |       ||     2
 Stab: Sleeping          |       |     1 ||     1
  Eat: Chunk             |     3 |     2 ||     5
Armor: Robe              |    35 |    21 ||    56
Dodge: Dodged            |    42 |    24 ||    66
Block: Buckler           |    22 |    20 ||    42
